 Dungeon Crawl Stone Soup version 0.21.1-1-g345015fe64 (webtiles) character file.

169976 Knicklaso the Warrior (level 17, -24/163 HPs)
             Began as a Minotaur Berserker on Apr 6, 2018.
             Was a High Priest of Trog.
             Killed from afar by Aizul (27 damage)
             ... with a poison arrow
             ... on level 1 of the Snake Pit on Apr 10, 2018.
             The game lasted 02:10:11 (28845 turns).

Knicklaso the Warrior (Minotaur Berserker)         Turns: 28845, Time: 02:10:11

Health: -24/163    AC: 10    Str: 29    XL:     17   Next: 36%
Magic:  25/25      EV: 22    Int:  4    God:    Trog [*****.]
Gold:   1258       SH: 22    Dex: 17    Spells: 16/16 levels left

rFire    . . .     SeeInvis .   r - +3 quick blade of Reajomad {vamp, Str+5 Dex+2}
rCold    + . .     Gourm    .   s - +2 shield
rNeg     . . .     Faith    .   A - +2 robe of Vines {NoPotionHeal Regen+7}
rPois    .         Spirit   .   (helmet restricted)
rElec    .         Reflect  +   X - +1 cloak
rCorr    .         Harm     .   v - +1 pair of gloves
MR       ++...                  (no boots)
Stlth    ++........             n - +5 amulet of reflection
HPRegen  3.17/turn              D - ring of protection from magic
MPRegen  0.19/turn              H - ring of protection from cold

@: lethally poisoned (-24 -> -48)
A: retaliatory headbutt, horns 2
a: Berserk, Trog's Hand, Brothers in Arms, Burn Spellbooks, Renounce Religion


You were on level 1 of the Snake Pit.
You worshipped Trog.
Trog was extremely pleased with you.
You were hungry.

You visited 5 branches of the dungeon, and saw 26 of its levels.
You visited the Abyss 1 time.

You collected 2703 gold pieces.
You spent 1445 gold pieces at shops.

Inventory:

Hand Weapons
 a - a +4 demon whip of electrocution
 b - a +6 hand crossbow of flaming
 r - the +3 quick blade of Reajomad (weapon) {vamp, Str+5 Dex+2}
   (Trog gifted it to you on level 6 of the Lair of Beasts)

   It inflicts no extra harm, but heals its wielder when it wounds a living foe.
   It affects your strength (+5).
   It affects your dexterity (+2).
Missiles
 C - 80 bolts
Armour
 e - a +2 buckler of fire resistance
 s - a +2 shield (worn)
 v - a +1 pair of gloves (worn)
 A - the +2 robe of Vines (worn) {NoPotionHeal Regen+7}
   (You found it on level 9 of the Dungeon)

   It increases your rate of regeneration.
 F - a +3 plate armour of positive energy
 I - the +1 ring mail of the Sailor {rF+ Slay+3}
   (You found it on level 7 of the Dungeon)

   It affects your accuracy and damage with ranged weapons and melee attacks
   (+3).
   It protects you from fire.
 N - the +0 plate armour "Haotwe" {rElec}
   (You bought it in a shop on level 2 of the Orcish Mines)

   It insulates you from electricity.
 X - a +1 cloak (worn)
Jewellery
 n - a +5 amulet of reflection (around neck)
 D - a ring of protection from magic (left hand)
 H - a ring of protection from cold (right hand)
 T - an uncursed ring of flight
Wands
 i - a wand of acid (5)
 o - a wand of iceblast (23)
 p - a wand of digging (45)
 x - a wand of enslavement (27)
 O - a wand of clouds (5)
 P - a wand of flame (41)
 Q - a wand of paralysis (12)
 R - a wand of disintegration (13)
Scrolls
 d - a scroll of enchant weapon
 g - 3 scrolls of fear
 l - 5 scrolls of remove curse
 m - 10 scrolls of teleportation
 t - 4 scrolls of immolation
 w - 3 scrolls of blinking
 y - 2 scrolls of noise {unknown}
 B - a scroll of summoning {unknown}
 E - 4 scrolls of magic mapping
 J - 2 scrolls of random uselessness {unknown}
 L - 9 scrolls of identify
 M - 2 scrolls of silence
 U - 2 scrolls of enchant armour
 V - 3 scrolls of fog {unknown}
 W - a scroll of acquirement {unknown}
 Z - a scroll of holy word {unknown}
Potions
 f - a potion of brilliance
 h - 5 potions of lignification
 j - 6 potions of curing
 k - 3 potions of invisibility
 q - 9 potions of flight
 z - a potion of agility
Comestibles
 c - 36 rations
 G - 8 chunks of flesh


   Skills:
 * Level 17.8 Fighting
 - Level 8.0 Short Blades
   Level 4.0(8.7) Axes
 - Level 11.7(12.0) Maces & Flails
 + Level 7.7 Crossbows
 - Level 13.8 Armour
 * Level 12.6 Dodging
 - Level 15.0 Shields
 - Level 12.0 Evocations


You had 16 spell levels left.
You didn't know any spells.

Dungeon Overview and Level Annotations

Branches:
Dungeon (15/15)            Temple (0/1) D:7            Lair (6/6) D:9
 Shoals (0/4) Lair:3        Snake (1/4) Lair:3        Slime (0/5) Lair:6
    Orc (2/2) D:9             Elf (2/3) Orc:2        Vaults (0/5) D:14
 Depths (0/5) D:15

Altars:
Cheibriados
Fedhas
Gozag
Hepliaklqana
Makhleb
Qazlal
Trog
Vehumet
Xom
Zin
Beogh

Shops:
D:5 !   D:9 (   Orc:2 (*[:(

Annotations:
Snake:1 Aizul
Elf:2 1 runed door


Innate Abilities, Weirdness & Mutations

You reflexively headbutt those who attack you in melee.
You have a pair of horns on your head.


Message History

You hit Aizul. Your headbutt misses Aizul.
Aizul is almost dead.
You feel sick.
You barely miss Aizul.
Aizul is almost dead.
You feel sick.
Aizul coils herself and waves her upper body at you.
You fall asleep.
You feel very sick. Aizul closely misses you.
You feel very sick.
Aizul coils herself and waves her upper body at you.
The poison arrow hits you!
You are more poisoned.
You wake up.
* * * LOW HITPOINT WARNING * * *
Aizul casts a spell at you. The poison arrow hits you!
You are more poisoned.
You die...

........# #..## #.....##
........# #..#
##......### .####...#
#..# #.........### # #
##...#
#..###...........######
#...##
#...#......##..........
#....###.........##
##........
##...##..........#
###.....#
##.........S...##
#..####
##..).....#@..### #..#
##.†.....###...######..#
.. ###)....##
##.....†##..####
#...##......S###
###...<†.......
#.............###
##.).†.......
###.............#
######....##
##........##...# #.....#
##......## #...# #.....#
###....# #...# #.....#


You could see Aizul.

Vanquished Creatures
  A bone dragon (Abyss:2)
  An Executioner (Abyss:2)
  Agnes (Elf:2)
  A tentacled starspawn (Abyss:2)
  The ghost of YetiFiasco the Severer, a journeyman MiBe of Trog (Elf:2)
  2 deep elf sorcerers
  A deep elf demonologist (Elf:1)
  2 deep elf annihilators
  A dire elephant (D:15)
  Snorg (Lair:3)
  An ettin (D:9)
  A deep elf death mage (Elf:2)
  A fire dragon (D:15)
  A yaktaur captain (D:14)
  A rakshasa (Abyss:2)
  A catoblepas (Lair:6)
  6 hydras
  8 centaur warriors
  8 death yaks
  A death knight (D:14)
  4 anacondas (Snake:1)
  A two-headed ogre (shapeshifter) (D:9)
  A tengu warrior (D:12)
  23 dancing weapons
  2 ogre magi (D:15)
  An alligator (Lair:6)
  12 two-headed ogres
  A thrashing horror (Abyss:2)
  2 shock serpents (Snake:1)
  2 orc high priests (Orc:2)
  3 naga sharpshooters (Snake:1)
  8 deep elf knights
  A wretched star (Abyss:2)
  A sixfirhy (Abyss:2)
  A fire crab (D:9)
  A flayed ghost (D:9)
  5 deep elf archers
  4 naga ritualists (Snake:1)
  A wizard (D:15)
  5 mana vipers
  A wolf spider zombie (D:15)
  An oklob plant (Lair:5)
  An iron dragon zombie (Abyss:2)
  4 orc knights
  24 deep elf magi
  A shining eye (shapeshifter) (Elf:1)
  8 slime creatures
  4 manticores
  11 ugly things
  8 orc sorcerers
  A salamander (D:15)
  3 centaur zombies
  Maurice (D:13)
  4 elephants (Lair:6)
  A gargoyle (D:15)
  A merfolk siren (Lair:3)
  Joseph (D:8)
  16 black mambas
  A guardian serpent (Lair:3)
  Psyche (D:9)
  A smoke demon (Abyss:2)
  10 spiny frogs
  7 komodo dragons
  A komodo dragon (shapeshifter) (D:14)
  2 rime drakes
  3 freezing wraiths
  An efreet (D:14)
  A hellwing (Abyss:2)
  A yaktaur (D:14)
  A tengu conjurer (D:12)
  A merfolk (Lair:3)
  4 polar bears (Lair:6)
  5 trolls
  5 hornets
  Prince Ribbit (Lair:2)
  31 blink frogs
  7 dream sheep (Lair:6)
  8 hippogriffs
  A hippogriff (shapeshifter) (D:15)
  2 water elementals
  47 yaks
  A ynoxinul (Abyss:2)
  9 spriggans (Lair:6)
  A human (D:12)
  Eustachio (D:5)
  3 air elementals
  A wraith (D:14)
  5 wyverns
  2 hogs (D:12)
  2 large abominations (Abyss:2)
  3 basilisks
  2 fire elementals (Elf:1)
  3 hungry ghosts
  3 vampire mosquitoes (D:13)
  A soldier ant (D:13)
  2 nagas (Snake:1)
  An acid dragon (D:11)
  9 water moccasins
  10 porcupines
  22 orc warriors
  A small abomination (Abyss:2)
  3 eyes of draining
  5 ice beasts
  2 sky beasts
  3 black bears
  11 ogres
  A necrophage (D:9)
  4 phantoms
  4 boggarts (Lair:6)
  31 wolves
  20 centaurs
  12 crocodiles
  2 big kobolds
  7 bullfrogs
  An earth elemental (Elf:1)
  3 scorpions
  15 killer bees
  16 wights
  6 electric eels
  2 howler monkeys
  A crimson imp (D:5)
  4 bullfrog zombies
  19 jellies
  4 quasits
  22 orc priests
  6 hounds
  2 iron imps (Abyss:2)
  3 bullfrog skeletons
  3 centaur skeletons
  43 orc wizards
  Jessica (D:3)
  Ijyb (D:5)
  2 iguanas
  7 worker ants
  2 hound skeletons (D:6)
  2 howler monkey zombies
  A worker ant zombie (D:8)
  A howler monkey skeleton (D:5)
  7 gnolls
  11 adders
  8 shadow imps
  An ooze (D:3)
  An adder zombie (D:6)
  2 worms (D:2)
  3 dart slugs
  A leopard gecko (D:1)
  82 orcs
  2 giant cockroaches
  6 goblins
  4 hobgoblins
  4 quokkas
  A ball python zombie (D:5)
  9 bats
  2 frilled lizards
  A jackal skeleton (D:4)
  21 kobolds
  A leopard gecko skeleton (D:6)
  A leopard gecko zombie (D:6)
  4 rats (D:1)
  2 plants (Lair:5)
881 creatures vanquished.

Vanquished Creatures (collateral kills)
  An orc warlord (Orc:2)
  A two-headed ogre (D:12)
  An orc high priest (Orc:2)
  An orc knight (Orc:2)
  2 deep elf magi (Elf:1)
  An ugly thing (D:12)
  A freezing wraith (D:14)
  A komodo dragon (Lair:3)
  2 yaks (D:12)
  8 orc warriors (Orc:2)
  An eye of draining (D:12)
  A wolf (Lair:3)
  5 orc priests (Orc:2)
  3 orc wizards (Orc:2)
  6 orcs (Orc:2)
35 creatures vanquished.

Vanquished Creatures (others)
  2 centaur warriors (D:14)
  A deep elf knight (Elf:2)
  A deep elf archer (Elf:2)
  2 cyclopes
  A yaktaur (D:14)
  4 centaurs
  2 orcs
  25 fungi
  9 plants
  2 starspawn tentacles (Abyss:2)
49 creatures vanquished.

Grand Total: 965 creatures vanquished

Notes
Turn   | Place    | Note
-------+----------+-------------------------------------------
     0 | D:1      | Knicklaso the Minotaur Berserker began the quest for the Orb.
     0 | D:1      | Reached XP level 1. HP: 19/19 MP: 0/0
    69 | D:1      | Reached XP level 2. HP: 25/27 MP: 1/1
   136 | D:1      | Reached skill level 4 in Fighting
   547 | D:2      | Reached XP level 3. HP: 11/33 MP: 2/2
   797 | D:2      | Reached skill level 1 in Shields
   804 | D:2      | Reached ** piety under Trog
  1322 | D:2      | Reached XP level 4. HP: 41/41 MP: 3/3
  1784 | D:3      | Reached skill level 5 in Fighting
  1892 | D:3      | Reached XP level 5. HP: 17/48 MP: 4/4
  2135 | D:3      | Noticed Jessica
  2138 | D:3      | Killed Jessica
  2528 | D:3      | Found a shimmering altar of Xom.
  2609 | D:4      | You fall through a shaft!
  2609 | D:5      | Entered Level 5 of the Dungeon
  2609 | D:5      | Noticed a phantom
  2620 | D:5      | Killed a phantom
  2622 | D:5      | Reached XP level 6. HP: 42/56 MP: 3/5
  2693 | D:5      | Found a snail-covered altar of Cheibriados.
  2707 | D:5      | Noticed a sky beast
  2737 | D:5      | Killed a sky beast
  2737 | D:5      | Reached skill level 6 in Fighting
  2737 | D:5      | Reached skill level 5 in Armour
  2918 | D:5      | Found Kexirgh's Distillery.
  2926 | D:5      | Bought 2 potions of lignification for 60 gold pieces
  2926 | D:5      | Bought a potion of flight for 30 gold pieces
  2926 | D:5      | Bought a potion of curing for 30 gold pieces
  2927 | D:5      | Noticed Ijyb
  2938 | D:5      | Killed Ijyb
  2959 | D:5      | Noticed Eustachio
  2967 | D:5      | Killed Eustachio
  2967 | D:5      | Reached XP level 7. HP: 64/64 MP: 6/6
  3159 | D:5      | Reached skill level 5 in Shields
  3382 | D:5      | Reached skill level 7 in Fighting
  4031 | D:6      | Reached *** piety under Trog
  4292 | D:6      | Reached XP level 8. HP: 73/73 MP: 4/7
  4363 | D:6      | Found a blossoming altar of Fedhas.
  4555 | D:6      | Noticed a manticore
  4582 | D:6      | Killed a manticore
  4582 | D:6      | Reached skill level 8 in Fighting
  4684 | D:6      | Found a bloodstained altar of Trog.
  5243 | D:7      | Found a hazy altar of Hepliaklqana.
  5392 | D:7      | Found a burning altar of Makhleb.
  5394 | D:7      | Found a glowing silver altar of Zin.
  5394 | D:7      | Noticed an angel
  5395 | D:7      | Noticed a green death
  5509 | D:7      | Reached skill level 9 in Fighting
  5509 | D:7      | Reached XP level 9. HP: 83/83 MP: 8/8
  5529 | D:7      | Found a staircase to the Ecumenical Temple.
  5633 | D:7      | Got a faintly humming ring mail
  5646 | D:7      | Identified the +1 ring mail of the Sailor {rF+ Slay+3} (You found it on level 7 of the Dungeon)
  5680 | D:7      | Noticed a manticore
  5684 | D:7      | Killed a manticore
  6061 | D:8      | Reached skill level 1 in Maces & Flails
  6080 | D:8      | Reached **** piety under Trog
  6156 | D:8      | Reached skill level 1 in Evocations
  6331 | D:8      | Noticed Joseph
  6343 | D:8      | Killed Joseph
  6343 | D:8      | Reached skill level 10 in Fighting
  6424 | D:8      | You fall through a shaft for 2 floors!
  6424 | D:10     | Entered Level 10 of the Dungeon
  6545 | D:8      | Noticed a two-headed ogre
  6550 | D:8      | Killed a two-headed ogre
  6550 | D:8      | Reached skill level 5 in Maces & Flails
  6550 | D:8      | Reached XP level 10. HP: 94/94 MP: 9/11
  6674 | D:8      | Noticed a two-headed ogre
  6682 | D:8      | Killed a two-headed ogre
  7262 | D:9      | Found Vudoh's Weapon Shop.
  7265 | D:9      | Found a staircase to the Orcish Mines.
  7266 | D:9      | Noticed Psyche
  7273 | D:9      | Killed Psyche
  7273 | D:9      | Reached skill level 10 in Shields
  7336 | D:9      | Found an opulent altar of Gozag.
  7368 | D:9      | Found a staircase to the Lair.
  7603 | D:9      | Found a stormy altar of Qazlal.
  7639 | D:9      | Reached skill level 11 in Fighting
  7727 | D:9      | Reached ***** piety under Trog
  7926 | D:9      | Found a runed door.
  7926 | D:9      | Noticed a deep elf archer
  7926 | D:9      | Noticed a flayed ghost
  7928 | D:9      | Noticed a fire crab
  7928 | D:9      | Noticed a centaur warrior
  7928 | D:9      | Noticed an ettin
  7928 | D:9      | Noticed a salamander
  7929 | D:9      | Found the +2 robe of Vines {NoPotionHeal Regen+7}
  8162 | D:9      | Bought a +0 demon whip of electrocution for 513 gold pieces
  8337 | D:10     | Noticed a two-headed ogre
  8349 | D:10     | Killed a two-headed ogre
  8349 | D:10     | Reached XP level 11. HP: 80/102 MP: 13/13
  8779 | Lair:1   | Entered Level 1 of the Lair of Beasts
  9457 | Lair:1   | Reached skill level 5 in Evocations
  9835 | Lair:2   | Reached skill level 10 in Maces & Flails
 10259 | Lair:2   | Received a gift from Trog
 10294 | Lair:2   | Noticed Prince Ribbit
 10302 | Lair:2   | Killed Prince Ribbit
 10539 | Lair:3   | Reached skill level 12 in Fighting
 10635 | Lair:3   | Noticed a six-headed hydra
 10653 | Lair:3   | Killed a six-headed hydra
 10679 | Lair:3   | Reached XP level 12. HP: 56/112 MP: 15/15
 10935 | Lair:3   | Noticed Snorg
 10960 | Lair:3   | Killed Snorg
 11446 | Lair:3   | Found a staircase to the Shoals.
 11566 | Lair:3   | Found a staircase to the Snake Pit.
 11959 | Lair:3   | Reached skill level 13 in Fighting
 12555 | Lair:4   | Found the +7 Kryia's mail coat {PotionHeal*2 rC+}
 12909 | Lair:4   | Noticed a death yak
 12909 | Lair:4   | Noticed a death yak
 12909 | Lair:4   | Noticed a death yak
 12909 | Lair:4   | Noticed a death yak
 12919 | Lair:4   | Killed a death yak
 12928 | Lair:4   | Killed a death yak
 12933 | Lair:4   | Noticed a death yak
 12939 | Lair:4   | Killed a death yak
 12947 | Lair:4   | Killed a death yak
 12951 | Lair:4   | Killed a death yak
 13477 | Lair:5   | Reached XP level 13. HP: 123/123 MP: 18/18
 13717 | Lair:5   | Reached skill level 14 in Fighting
 13885 | Lair:5   | Found a blossoming altar of Fedhas.
 14651 | Lair:6   | Entered Level 6 of the Lair of Beasts
 15025 | Lair:6   | Found a staircase to the Slime Pits.
 15787 | Lair:6   | Reached ****** piety under Trog
 15930 | Lair:6   | Received a gift from Trog
 15933 | Lair:6   | Got a dazzling quick blade {god gift}
 15954 | Lair:6   | Reached XP level 14. HP: 133/133 MP: 20/20
 16224 | Lair:6   | Reached skill level 15 in Fighting
 16376 | Lair:6   | Identified the +3 quick blade of Reajomad {vamp, Str+5 Dex+2} (Trog gifted it to you on level 6 of the Lair of Beasts)
 16389 | Lair:6   | Reached skill level 10 in Armour
 16532 | Lair:1   | Reached skill level 15 in Shields
 16620 | D:11     | Found an opulent altar of Gozag.
 16734 | D:11     | Reached skill level 1 in Short Blades
 16963 | D:11     | Reached skill level 5 in Dodging
 17069 | D:11     | You fall through a shaft for 2 floors!
 17495 | D:13     | Noticed Maurice
 17508 | D:13     | Killed Maurice
 17553 | D:13     | Received a gift from Trog
 17620 | D:13     | Reached skill level 10 in Evocations
 17937 | D:12     | You fall through a shaft for 3 floors!
 17937 | D:15     | Entered Level 15 of the Dungeon
 18222 | D:12     | Reached skill level 5 in Short Blades
 18782 | Orc:1    | Entered Level 1 of the Orcish Mines
 18850 | Orc:1    | Received a gift from Trog
 18895 | Orc:1    | Found a roughly hewn altar of Beogh.
 19243 | Orc:2    | Entered Level 2 of the Orcish Mines
 19368 | Orc:2    | Found a staircase to the Elven Halls.
 19401 | Orc:2    | Noticed an orc warlord
 19423 | Orc:2    | Reached XP level 15. HP: 44/141 MP: 21/21
 19779 | Orc:2    | Killed an orc warlord
 19779 | Orc:2    | Received a gift from Trog
 20442 | Orc:2    | Found Yfioxt's Antique Weapon Shop.
 20527 | Orc:2    | Found a roughly hewn altar of Beogh.
 20640 | Orc:2    | Found Gucheal's General Store.
 20641 | Orc:2    | Found Jacsim's Book Emporium.
 20642 | Orc:2    | Found Aqiec Icig's Antique Armour Emporium.
 20642 | Orc:2    | Found Nitixom's Antique Weapon Shoppe.
 20855 | Orc:2    | Bought a faintly humming plate armour for 812 gold pieces
 20860 | Orc:2    | Identified the cursed +0 plate armour "Haotwe" {rElec} (You bought it in a shop on level 2 of the Orcish Mines)
 20987 | D:11     | Received a gift from Trog
 22092 | D:14     | Found a radiant altar of Vehumet.
 22114 | D:14     | Found a gate to the Vaults.
 22611 | D:15     | Reached skill level 16 in Fighting
 22815 | D:15     | Received a gift from Trog
 22859 | D:15     | Reached skill level 10 in Dodging
 23024 | D:15     | Reached skill level 1 in Crossbows
 23197 | D:15     | Found a staircase to the Depths.
 23571 | Snake:1  | Entered Level 1 of the Snake Pit
 23952 | Elf:1    | Entered Level 1 of the Elven Halls
 24108 | Elf:1    | Reached XP level 16. HP: 83/152 MP: 23/23
 25230 | Elf:2    | Noticed YetiFiasco's ghost (journeyman MiBe)
 25263 | Elf:1    | HP: 5/152 [something (12)]
 25663 | Elf:2    | Noticed Agnes
 25673 | Elf:2    | Killed Agnes
 25997 | Elf:2    | Received a gift from Trog
 26199 | Elf:2    | Killed YetiFiasco's ghost
 26409 | Elf:2    | Found a runed door.
 26443 | Elf:2    | Found a runed door.
 26481 | Elf:2    | Reached skill level 5 in Crossbows
 26832 | Elf:2    | Reached skill level 17 in Fighting
 27003 | Elf:2    | Cast into level 2 of the Abyss (quick blade of distortion)
 27192 | Abyss:2  | Noticed a tentacled starspawn
 27205 | Abyss:2  | Killed a tentacled starspawn
 27229 | Abyss:2  | Noticed a bone dragon
 27243 | Abyss:2  | Noticed an Executioner
 27260 | Abyss:2  | Killed a bone dragon
 27265 | Abyss:2  | Killed an Executioner
 27269 | Abyss:2  | Reached XP level 17. HP: 38/161 MP: 25/25
 27272 | Elf:2    | Escaped the Abyss
 28349 | Snake:1  | Received a gift from Trog
 28805 | Snake:1  | Noticed Aizul
 28845 | Snake:1  | HP: 3/163 [Aizul/poison arrow (26)]
 28845 | Snake:1  | Killed from afar by Aizul

Skill      XL: |  1  2  3  4  5  6  7  8  9 10 11 12 13 14 15 16 17 |
---------------+----------------------------------------------------+-----
Axes           | 4 |  4.0
Fighting       | 4 5 6 7 9 10 11 12 13 14 15 16 17 | 17.8
Armour         | 3 4 5 6 8 9 11 12 13 | 13.8
Shields        | 1 2 3 4 6 7 9 10 11 13 14 15 | 15.0
Maces & Flails | 5 8 11 | 11.7
Evocations     | 2 4 6 8 9 10 11 12 | 12.0
Dodging        | 4 7 10 11 12 | 12.6
Short Blades   | 6 8 |  8.0
Crossbows      | 2 6 7 |  7.7

Action                   |  1- 3 |  4- 6 |  7- 9 | 10-12 | 13-15 | 16-18 || total
-------------------------+-------+-------+-------+-------+-------+-------++-------
Melee: Hand axe          |    13 |       |       |       |       |       ||    13
       Headbutt          |     9 |     7 |    59 |   108 |   340 |   262 ||   785
       Dagger            |    49 |    12 |       |       |       |       ||    61
       Spear             |       |   106 |   269 |       |       |       ||   375
       Morningstar       |       |       |    38 |   106 |       |       ||   144
       Demon whip        |       |       |       |   402 |  1350 |   445 ||  2197
       Quick blade       |       |       |       |       |       |   422 ||   422
 Fire: Hand crossbow     |       |       |       |       |    56 |     7 ||    63
Throw: Tomahawk          |       |       |       |     2 |       |       ||     2
Invok: Berserk           |     1 |     2 |     6 |     6 |     5 |     1 ||    21
       Trog's Hand       |       |       |       |     2 |     1 |     9 ||    12
       Brothers in Arms  |       |       |       |     2 |     4 |     4 ||    10
Evoke: Wand              |       |       |     2 |     9 |       |     4 ||    15
       Phantom mirror    |       |       |       |       |     1 |       ||     1
  Use: Scroll            |       |       |     9 |       |    20 |     5 ||    34
       Potion            |       |       |       |     1 |     3 |     6 ||    10
 Stab: Petrified         |       |       |       |       |     2 |       ||     2
  Eat: Chunk             |     1 |     7 |    19 |    30 |    34 |    11 ||   102
       Ration            |       |       |       |       |     2 |     4 ||     6
Armor: Animal skin       |    15 |       |       |       |       |       ||    15
       Ring mail         |     1 |    16 |    15 |    57 |   124 |    54 ||   267
       Plate armour      |       |    16 |    71 |       |       |       ||    87
       Robe              |       |       |       |       |       |     6 ||     6
Dodge: Dodged            |    22 |    27 |    47 |    79 |   245 |   185 ||   605
Block: Shield            |    15 |    28 |   125 |   268 |   678 |   487 ||  1601
       Reflection        |       |       |     3 |       |    68 |    34 ||   105
       Other             |       |       |       |       |    13 |       ||    13
